 Dungeon Crawl Stone Soup version 0.28.0-62-gf88900778d (webtiles) character file.

Game seed: 4796354248042912872

346 cbfl8 the Chopper (level 6, -3/38 HPs)
             Began as a Gargoyle Berserker on May 13, 2023.
             Was a Believer of Trog.
             Slain by an ogre
             ... wielding a +0 giant club
              (8 damage)
             ... on level 3 of the Dungeon.
             The game lasted 00:04:33 (3693 turns).

cbfl8 the Chopper (Gargoyle Berserker)              Turns: 3693, Time: 00:04:34

Health: -3/38      AC: 11    Str: 21    XL:     6   Next: 59%
Magic:  6/6        EV: 11    Int:  7    God:    Trog [**....]
Gold:   225        SH:  0    Dex: 11    Spells: 5/5 levels left

rFire   . . .      SeeInvis +   a - +1 hand axe
rCold   . . .      Faith    .   (no shield)
rNeg    + . .      Spirit   .   i - +0 ring mail
rPois   ∞          Reflect  .   (no helmet)
rElec   +          Harm     .   n - +0 cloak
rCorr   .          Rampage  .   (no gloves)
Will    .....                   (no boots)
Stlth   +.........              (no amulet)
HPRegen 0.12/turn               c - ring of see invisible
MPRegen 0.10/turn               l - +4 ring of slaying

@: weak-willed, on berserk cooldown, slowed, very slow
A: sickness immunity, AC +4, negative energy resistance 1, electricity
resistance, torment resistance 1, petrification resistance
a: Renounce Religion, Berserk, Trog's Hand


You were on level 3 of the Dungeon.
You worshipped Trog.
Trog was pleased with you.
You visited 1 branch of the dungeon, and saw 4 of its levels.

You collected 225 gold pieces.

Inventory:

Hand Weapons
 a - a +1 hand axe (weapon)
Armour
 i - a +0 ring mail (worn)
 n - a +0 cloak (worn)
Jewellery
 c - a ring of see invisible (left hand)
 l - a +4 ring of slaying (right hand)
Scrolls
 e - 2 scrolls of identify {unknown}
 m - a scroll of noise
Potions
 b - a potion of curing {unknown}
 d - 2 potions of brilliance {unknown}
 g - 2 potions of degeneration {unknown}
 j - a potion of might {unknown}
 o - 2 potions of attraction {unknown}


   Skills:
 + Level 3.9 Fighting
 * Level 4.6 Axes
 + Level 3.0 Armour
 + Level 3.0 Dodging
 + Level 0.5 Stealth
 * Level 2.0 Evocations


You had 5 spell levels left.
You didn't know any spells.
Your spell library was empty.

Dungeon Overview and Level Annotations

Branches:
Dungeon (4/15)
 Temple: D:4-7

Altars:

Shops:
D:4 [

Annotations:
D:3 Grinder


Innate Abilities, Weirdness & Mutations

You are immune to sickness and miasma.
Your stone body is resilient. (AC +4)
You are immune to poison.
You resist negative energy. (rN+)
You are resistant to electric shocks. (rElec)
You are resistant to unholy torment.
You are immune to petrification.


Message History

a +0 club; a goblin corpse; an iguana corpse Grinder blinks!
A goblin comes into view. It is wielding a +0 dagger.
Unknown command.
The goblin shouts!
The ogre closely misses you.
Grinder blinks!
The goblin barely misses you. The ogre misses you.
The goblin hits you but does no damage. The ogre hits you with a +0 giant club.
Grinder gestures at you. Pain shoots through your body!
Grinder says, "Mostly I couldn't keep them alive."
The ogre hits you with a +0 giant club. The goblin closely misses you.
There is a stone staircase leading up here.
The goblin completely misses you. Grinder hits you but does no damage.
The goblin hits you but does no damage. x2
The ogre hits you with a +0 giant club.
You climb upwards.
There is a stone staircase leading down here.
Unknown command.
As you read the scroll labelled LUYDABL MAECAKK, it crumbles to dust.
It is a scroll of enchant weapon.
Your +0 hand axe glows red for a moment.
The goblin hits you but does no damage. x2; The ogre closely misses you.
The goblin hits you but does no damage.
This is a scroll of acquirement!
You see here a manual of Fighting.
Something appears at your feet! The goblin hits you with a +0 dagger.
The ogre hits you with a +0 giant club!
* * * LOW HITPOINT WARNING * * *
The goblin closely misses you. The goblin hits you but does no damage.
As you read the scroll labelled BOTIQIBBOST, it crumbles to dust.
You hear a loud clanging noise!
It was a scroll of noise.
Grinder says, "Tell me all your secrets, or I'll kill you."
The goblin closely misses you. The goblin hits you but does no damage.
The ogre barely misses you. The goblin hits you but does no damage.
As you read the scroll labelled JUUBRI FESUXESH, it crumbles to dust.
Magic quickly surges around you.
It was a scroll of vulnerability.
The goblin hits you but does no damage. The ogre hits you with a +0 giant club!
You die...

####...#......##.#.#####
...............#.#.....#
.......#.......#.#####'##
.......#######.#........#
....)..# ##.#).......#
.......# #...........#
..))...# #.).5########
.......# #.#gO# .......#
#..g@# .......# ######
.......# .......#
########


You could see Grinder (weak-willed), an ogre (weak-willed) and 2 goblins.

Vanquished Creatures
  A scorpion (D:4)
  2 orc priests (D:3)
  Crazy Yiuf (D:3)
  A hound (D:4)
  An iguana (D:4)
  An orc wizard (D:4)
  4 adders
  2 dart slugs
  10 orcs
  3 bats
  8 endoplasms
  5 giant cockroaches
  6 hobgoblins
  2 jackals (D:1)
  4 quokkas
  7 ball pythons
  A frilled lizard (D:1)
  4 goblins
  4 kobolds
  7 rats
74 creatures vanquished.

Notes
Turn   | Place    | Note
-------+----------+-------------------------------------------
     0 | D:1      | cbfl8 the Gargoyle Berserker began the quest for the Orb.
     0 | D:1      | Reached XP level 1. HP: 14/14 MP: 1/1
   164 | D:1      | Reached XP level 2. HP: 4/19 MP: 2/2
   410 | D:1      | Reached skill level 3 in Axes
   742 | D:1      | Found a faded altar of an unknown god.
   830 | D:1      | Reached XP level 3. HP: 23/23 MP: 3/3
  1201 | D:2      | Reached ** piety under Trog
  2184 | D:3      | Reached skill level 1 in Evocations
  2184 | D:3      | Reached XP level 4. HP: 28/29 MP: 4/4
  2252 | D:3      | Reached skill level 4 in Axes
  2287 | D:3      | Found a runed translucent door.
  2288 | D:3      | Noticed Crazy Yiuf
  2387 | D:3      | Reached XP level 5. HP: 29/33 MP: 5/5
  2563 | D:3      | Identified the +5 hunting sling "Gram" {freeze, rN+ Int+3}
  2663 | D:3      | Killed Crazy Yiuf
  3068 | D:4      | Reached XP level 6. HP: 28/38 MP: 6/6
  3490 | D:4      | Found Zuonoic's Armour Emporium.
  3666 | D:4      | Noticed Grinder
  3691 | D:3      | Identified a scroll of acquirement
  3691 | D:3      | Acquired a manual of Fighting
  3693 | D:3      | Slain by an ogre

Illustrated notes

Levels and vault maps discovered:
D:1:      nzn_arrival_settlement, layout_basic, serial_aquarium,
          aquarium_bridge_long_separate [aquarium_subvault_bridge,
          aquarium_subvault_bridge, aquarium_subvault_wall,
          aquarium_subvault_wall, aquarium_subvault_wall,
          aquarium_subvault_bridge], aquarium_window_corner, aquarium_window_3,
          aquarium_window_1, aquarium_window_2, aquarium_view_2b,
          hellmonk_ecumenical_altar_heavens_door
D:2:      layout_rooms, serial_corexii_hall, corexii_hall_statues_l,
          corexii_hall_statues_s, corexii_hall_statues_x,
          corexii_hall_statues_x, corexii_hall_statues_l,
          corexii_hall_statues_x, due_unseen_surprise
D:3:      layout_basic, uniq_crazy_yiuf_cottage
D:4:      layout_gridville, serial_shops,
          nicolae_shop_temple_entry_statues_fountains, uniq_grinder

Skill      XL: |  1  2  3  4  5  6 |
---------------+-------------------+-----
Axes           | 3 4 |  4.6
Evocations     | 1 2 |  2.0
Dodging        | 2 3 |  3.0
Armour         | 3 |  3.0
Fighting       | |  3.9
Stealth        | |  0.5

Action                   |  1- 3 |  4- 6 || total
-------------------------+-------+-------++-------
Melee: Hand axe          |   135 |    92 ||   227
       Punch             |     2 |     1 ||     3
Invok: Berserk           |       |     2 ||     2
  Use: Scroll            |       |     4 ||     4
 Stab: Sleeping          |     1 |       ||     1
Armor: Animal skin       |    26 |       ||    26
       Ring mail         |    20 |    58 ||    78
Dodge: Dodged            |    83 |    51 ||   134
